Construct Infanterie Kompanie
Construct Luftwaffe Kompanie
Selects Mechanized Battlegroup
Selects 8 Rad Armored Car
Luftwaffe Officer Quarters
Selects Panther Heavy Tank
Construct Panzer Kompanie
Construct Panzergrenadier Kompanie
Selects Stoßtruppen Assault Package
Selects Mechanized Assault